Map: [ESL] Babylon

Players

Clem

  • Race: Terran Terran
  • Spawn Location: 5:00

Elazer - Winner!

  • Race: Zerg Zerg
  • Spawn Location: 11:00

Event: ESL SC2 Masters 2023 Summer (Regionals)

VOD

Have the link to the VOD?

Description

Time

  • Played on: May 19, 2023, 12:38 p.m.
  • Length: 23:45

All games in this series

Show
View Real Time Build Order
Export as new Build Order

Clem Terran 

Build Orders: Reaper Expand, Hellion Banshee 

Get SALT Encoding   

  12  0:00  SCV  
  13  0:12  SCV  
  14  0:17  Supply Depot  
  14  0:24  SCV  
  15  0:38  SCV  
  15  0:40  Barracks  
  16  0:44  Refinery  
  16  0:50  SCV  
  17  1:03  SCV  
  18  1:15  SCV  
  19  1:27  Orbital Command, Reaper  
  20  1:39  Command Center  
  20  1:48  Supply Depot  
  20  1:53  SCV  
  21  1:59  Marine  
  22  2:05  SCV  
  23  2:12  Factory  
  23  2:17  SCV  
  23  2:20  Barracks Reactor  
  24  2:29  SCV  
  25  2:41  Command Center  
  25  2:43  SCV  
  26  2:52  Orbital Command  
  26  2:59  Starport  
  26  3:02  Refinery  
  26  3:05  SCV  
  27  3:09  Hellion  
  29  3:14  Hellion  
  29  3:18  SCV  
  29  3:19  SCV  
  33  3:22  Barracks Tech Lab  
  33  3:30  SCV  
  33  3:31  Hellion  
  36  3:34  SCV  
  36  3:35  Hellion  
  38  3:42  SCV  
  38  3:46  SCV  
  38  3:48  Banshee  
  43  3:52  Orbital Command  
  43  3:54  SCV  
  43  3:55  Cloaking Field  
  44  3:58  SCV  
  44  4:02  Hellion  
  47  4:03  Hellion  
  47  4:06  SCV  
  47  4:08  Barracks Tech Lab  
  50  4:10  Supply Depot  
  50  4:12  SCV  
  51  4:18  SCV x2  
  53  4:24  SCV  
  53  4:30  SCV x2  
  53  4:31  Banshee  
  59  4:34  Supply Depot  
  59  4:35  Barracks  
  59  4:37  Barracks  
  59  4:38  Factory Reactor  
  59  4:39  SCV  
  59  4:42  SCV  
  59  4:43  Orbital Command  
  61  4:45  Marine  
  61  4:49  Engineering Bay  
  61  4:51  Engineering Bay, SCV  
  63  4:54  SCV  
  63  4:55  Refinery  
  63  4:57  Refinery  
  63  4:58  Stimpack  
  64  5:03  SCV, Supply Depot  
  64  5:06  Marine  
  64  5:07  SCV  
  67  5:14  SCV  
  68  5:15  SCV  
  68  5:19  SCV, Terran Infantry Armor Level 1  
  70  5:22  Marine x2  
  70  5:26  Barracks, Starport Reactor  
  70  5:27  Supply Depot  
  70  5:28  Barracks  
  73  5:29  Marine  
  73  5:30  SCV  
  73  5:31  SCV  
  73  5:32  SCV  
  76  5:37  Marine, Siege Tank  
  76  5:40  Marine  
  76  5:42  SCV  
  82  5:43  Marine  
  82  5:44  Marine, Supply Depot  
  82  5:47  Marine  
  82  5:49  SCV  
  86  5:53  SCV  
  86  5:55  SCV  
  86  5:57  Supply Depot  
  86  5:58  Marine  
  86  6:00  Marine  
  86  6:01  Marine  
  86  6:02  SCV  
  86  6:03  Medivac  
  92  6:05  Marine, Medivac  
  92  6:07  SCV  
  92  6:09  Marine, Supply Depot  
  92  6:10  Refinery  
  92  6:11  Siege Tank  
  90  6:14  Terran Infantry Weapons Level 1  
  90  6:15  SCV x2  
  90  6:17  Barracks Reactor  
  90  6:18  Barracks Reactor  
  92  6:19  SCV, Marine  
  92  6:20  Marine  
  92  6:21  Marine  
  92  6:25  Marine, Supply Depot  
  96  6:27  SCV x2, Marine  
  96  6:31  SCV  
  96  6:32  Factory  
  101  6:39  SCV, Marine  
  103  6:41  SCV  
  103  6:45  Armory  
  103  6:46  Marine, Command Center  
  105  6:47  Marine x2  
  105  6:51  Siege Tank  
  110  6:59  Marine x6  
  110  7:00  Medivac x2  
  119  7:04  Supply Depot  
  119  7:06  Refinery  
  119  7:07  Supply Depot  
  119  7:08  SCV  
  120  7:09  SCV x2  
  120  7:12  Combat Shield  
  120  7:14  Marine x2  
  124  7:19  Supply Depot  
  124  7:20  SCV  
  125  7:26  Marine x5, SCV  
  125  7:27  Supply Depot  
  125  7:29  Siege Tank, Factory Reactor  
  134  7:34  SCV x2  
  134  7:35  Sensor Tower  
  136  7:38  SCV  
  136  7:40  Marine x4  
  136  7:44  Marine  
  142  7:46  Terran Infantry Armor Level 2  
  142  7:51  Supply Depot  
  142  7:53  Marine x3, Terran Vehicle And Ship Armor Level 1  
  142  7:56  Marine  
  146  7:59  SCV x2  
  146  8:00  SCV  
  146  8:01  Widow Mine  
  151  8:07  Widow Mine x2  
  151  8:09  Medivac  
  151  8:11  SCV x2, Medivac  
  161  8:15  Marine  
  161  8:16  SCV, Supply Depot  
  163  8:23  Marine x7, SCV  
  163  8:26  Planetary Fortress  
  171  8:30  Widow Mine  
  171  8:31  Terran Infantry Weapons Level 2  
  173  8:37  Widow Mine, Marine x2  
  176  8:43  Medivac  
  176  8:45  SCV  
  176  8:46  SCV  
  176  8:48  SCV  
  178  8:49  Marine  
  178  8:50  Marine  
  178  8:51  Marine x5  
  178  8:55  Widow Mine, Marine  
  188  9:07  SCV  
  188  9:11  Barracks x2  
  188  9:12  Barracks  
  188  9:18  Supply Depot x2  
  188  9:20  Drilling Claws  
  188  9:30  Marine, Supply Depot  
  188  9:31  Marine, Ghost Academy, SCV  
  188  9:37  Marine, Command Center  
  188  9:38  Marine  
  188  9:39  Marine x5, SCV  
  188  9:40  Widow Mine x3, SCV  
  199  9:48  Marine  
  199  9:49  Medivac  
  200  9:53  Sensor Tower  
  200  9:54  Terran Vehicle And Ship Armor Level 2, Command Center  
  200  9:55  Medivac  
  197  10:01  Siege Tank  
  196  10:07  Widow Mine, Marine x4  
  196  10:08  Marauder  
  196  10:12  Barracks Tech Lab x3  
  200  10:17  Refinery  
  200  10:19  Refinery  
  200  10:26  Command Center  
  200  10:27  Command Center  
  200  10:34  Siege Tank, Ghost x2  
  199  10:42  SCV  
  199  10:54  Ghost  
  199  10:55  Widow Mine x2, Medivac x2  
  199  10:56  Marine x3, Ghost  
  199  10:57  Marine x5  
  194  11:02  Ghost  
  196  11:06  Widow Mine, Marine  
  168  11:14  Marine x8  
  168  11:15  SCV  
  168  11:16  Widow Mine x2  
  167  11:19  SCV  
  167  11:23  Marine x2, SCV  
  167  11:24  Marine  
  172  11:27  Widow Mine, Terran Infantry Weapons Level 3, SCV  
  172  11:31  SCV, Ghost  
  172  11:32  Marine x4, Medivac  
  174  11:35  SCV  
  174  11:38  Widow Mine x2  
  174  11:39  SCV  
  174  11:40  Marine, Ghost  
  174  11:43  SCV  
  172  11:47  Orbital Command, SCV  
  172  11:48  Orbital Command  
  172  11:50  Planetary Fortress  
  172  11:51  SCV  
  172  11:55  Widow Mine, SCV  
  172  11:58  Marine  
  172  11:59  SCV, Marine  
  178  12:04  Widow Mine, SCV  
  178  12:05  Widow Mine  
  180  12:10  SCV  
  180  12:11  SCV  
  182  12:19  SCV  
  182  12:20  SCV  
  182  12:21  Sensor Tower  
  182  12:22  Refinery  
  184  12:23  Refinery, Siege Tank  
  184  12:27  Medivac x2  
  184  12:28  SCV  
  186  12:32  Marauder x2, Marine  
  188  12:40  Marine x2  
  171  12:48  Marine  
  171  12:49  Widow Mine x2, Marine x4  
  171  12:50  Marine  
  172  12:52  Marine  
  172  12:53  Marauder  
  172  12:57  Medivac  
  168  13:00  Marine  
  168  13:03  Command Center  
  169  13:07  Barracks Tech Lab  
  169  13:11  Siege Tank  
  169  13:12  Widow Mine x2  
  176  13:14  Marauder x2  
  176  13:16  Marauder  
  176  13:17  Marine  
  176  13:18  Marine  
  184  13:20  Marine x2  
  184  13:23  Marauder  
  184  13:24  Marine  
  183  13:34  Marine  
  183  13:35  Marine, Marauder x2  
  183  13:36  Medivac  
  183  13:38  Marine  
  183  13:40  Marine  
  168  13:45  Marauder x2, Marine  
  170  13:49  Siege Tank  
  170  13:50  Widow Mine  
  170  13:51  Marauder  
  170  13:52  Marine x2  
  170  13:55  Liberator  
  182  13:56  Marauder  
  182  13:57  Terran Infantry Armor Level 3, Terran Vehicle And Ship Armor Level 3  
  184  14:05  Marauder  
  186  14:13  Widow Mine x2, Marauder  
  186  14:16  Marine x3  
  186  14:17  Marine  
  191  14:19  Marauder  
  191  14:21  Marine  
  191  14:22  Marine  
  187  14:29  Widow Mine, Marauder  
  187  14:31  Marauder  
  152  14:34  Marine x3  
  152  14:35  Marine  
  152  14:37  Marine  
  141  14:39  Marauder  
  141  14:40  Marauder  
  141  14:43  Widow Mine, Marine x2  
  143  14:45  SCV  
  143  14:46  SCV x2  
  143  14:50  Marine  
  143  14:51  Marine  
  139  14:58  SCV  
  140  15:03  Marauder  
  140  15:06  Widow Mine  
  140  15:07  Marine  
  144  15:10  Marine  
  144  15:12  Marine  
  147  15:19  Widow Mine  
  147  15:20  SCV  
  138  15:29  Planetary Fortress  
  138  15:31  SCV  
  138  15:33  SCV  
  139  15:35  SCV  
  140  15:43  Widow Mine x2  
  140  15:46  Widow Mine, Marine  
  140  15:47  Marine  
  146  15:50  Marine  
  127  16:04  Widow Mine x2  
  127  16:05  Marine  
  127  16:07  Marine  
  127  16:08  Widow Mine, Marine  
  127  16:10  Marine x2  
  127  16:11  Marine x4  
  114  16:12  Marine x2  
  116  16:22  Marine  
  116  16:24  SCV x4  
  116  16:25  Marine  
  122  16:26  Widow Mine, Marine  
  122  16:29  Widow Mine x2, Marine  
  129  16:33  Ghost  
  129  16:36  SCV x4  
  129  16:37  Marine  
  129  16:38  Marine  
  134  16:42  Orbital Command  
  134  16:43  Marine  
  137  16:47  Widow Mine, Ghost  
  137  16:48  SCV  
  137  16:50  SCV  
  137  16:51  Widow Mine, SCV x2  
  145  17:00  SCV, Ghost  
  140  17:05  Ghost  
  140  17:06  Ghost  
  144  17:10  Ghost  
  144  17:12  Widow Mine  
  144  17:13  Widow Mine  
  148  17:16  Liberator  
  148  17:19  Liberator  
  152  17:23  Marauder  
  152  17:31  Widow Mine, Marine  
  152  17:32  Marine x2  
  153  17:42  Widow Mine  
  151  17:44  Marine x3  
  151  17:45  Marine  
  151  17:46  Widow Mine, Ghost  
  155  17:52  Marine, Siege Tank  
  155  17:55  Marine x2  
  155  17:56  Orbital Command  
  155  17:58  Marine x2  
  157  17:59  Medivac, Concussive Shells  
  157  18:05  Widow Mine  
  160  18:09  Widow Mine  
  162  18:16  Liberator  
  162  18:17  Marauder x2, Ghost x2  
  162  18:18  Marine x4  
  177  18:25  Widow Mine  
  179  18:30  Sensor Tower  
  173  18:41  Widow Mine, Marine  
  173  18:42  Marine x2  
  173  18:43  Marine  
  173  18:46  Marine  
  163  18:50  Marauder  
  163  18:54  Marine x5  
  170  18:58  Widow Mine x2, Command Center  
  170  18:59  Marine  
  170  19:00  Liberator  
  178  19:06  Widow Mine  
  178  19:08  Liberator  
  183  19:12  Marauder  
  183  19:16  Marauder  
  179  19:18  Marauder  
  179  19:23  Ghost  
  183  19:28  Widow Mine, Marine  
  183  19:29  Marine x2  
  168  19:40  Personal Cloaking  
  168  19:42  Marine x2, Marauder x3  
  168  19:43  Medivac  
  178  19:46  Widow Mine  
  178  19:50  Orbital Command  
  178  19:51  Liberator  
  180  20:01  Widow Mine  
  174  20:08  SCV, Missile Turret  
  174  20:09  SCV  
  174  20:12  Sensor Tower  
  174  20:13  Liberator  
  179  20:14  SCV  
  179  20:20  Widow Mine, SCV  
  179  20:21  Widow Mine  
  185  20:23  Widow Mine  
  187  20:30  Ghost  
  187  20:42  Widow Mine  
  178  20:43  Orbital Command  
  178  20:47  Widow Mine  
  159  20:51  Ghost  
  159  20:56  Marine x2  
  163  20:58  Marauder  
  165  21:04  Siege Tank  
  165  21:05  Widow Mine, Liberator  
  165  21:07  Supply Depot  
  165  21:08  Supply Depot  
  175  21:18  Widow Mine  
  175  21:21  Liberator  
  175  21:24  Supply Depot  
  178  21:26  Widow Mine  
  180  21:36  Refinery  
  180  21:37  Widow Mine  
  180  21:38  Refinery  
  184  21:40  Widow Mine  
  178  21:53  Marine x3, Marauder x2  
  172  21:56  Marine x3  
  169  22:05  Marauder  
  169  22:06  Marauder  
  169  22:08  Marine  
  172  22:23  Supply Depot  
  167  22:45  Missile Turret, Sensor Tower  
  167  22:46  Supply Depot  
  167  22:47  Supply Depot x2  
  167  22:48  Supply Depot  
  167  22:49  Supply Depot  
  167  22:50  Orbital Command  
  164  23:10  Marine x2  
  164  23:11  Marine  
  164  23:12  Marine  
  166  23:20  Widow Mine  
  166  23:21  Widow Mine, Marauder, Marine  
  166  23:22  Marine, Marauder  
  166  23:26  Marine x2  
Show
View Real Time Build Order
Export as new Build Order

Elazer Zerg - Winner!

Build Orders: Hatch First 

Get SALT Encoding   

  12  0:00  Drone  
  13  0:12  Overlord  
  13  0:17  Drone  
  14  0:30  Drone x2  
  16  0:48  Hatchery  
  15  0:52  Drone  
  15  0:55  Drone  
  17  0:59  Drone  
  18  1:10  Extractor  
  17  1:13  Spawning Pool  
  17  1:17  Drone  
  17  1:20  Drone  
  18  1:28  Drone  
  19  1:38  Drone  
  20  1:49  Drone  
  21  1:59  Queen  
  21  2:00  Queen, Zergling x2  
  21  2:01  Zergling x2  
  27  2:11  Drone  
  27  2:12  Overlord, Metabolic Boost  
  28  2:28  Hatchery  
  27  2:33  Drone x2  
  27  2:35  Drone  
  29  2:39  Drone  
  30  2:44  Queen  
  30  2:50  Overlord  
  32  2:54  Drone  
  32  2:55  Drone  
  32  2:57  Drone  
  35  3:06  Overlord  
  35  3:08  Drone x3  
  35  3:09  Drone  
  39  3:16  Queen  
  41  3:22  Queen  
  43  3:30  Drone x2  
  43  3:31  Zergling x2  
  43  3:32  Zergling x2  
  47  3:41  Queen  
  47  3:42  Overlord  
  47  3:43  Drone x4  
  53  3:52  Queen  
  53  3:54  Drone x2  
  53  3:55  Overlord  
  57  4:09  Drone x6  
  63  4:16  Drone x3  
  66  4:17  Drone x3  
  66  4:20  Queen  
  66  4:23  Overlord  
  71  4:25  Lair  
  71  4:28  Overlord  
  71  4:31  Queen  
  71  4:36  Zergling x2  
  74  4:41  Zergling x8  
  74  4:42  Zergling x2  
  79  4:50  Overlord  
  79  4:51  Spore Crawler  
  78  4:53  Drone x5  
  83  5:01  Extractor  
  83  5:02  Hatchery  
  83  5:03  Baneling Nest  
  83  5:05  Drone x6  
  86  5:13  Overlord  
  86  5:14  Spore Crawler  
  86  5:16  Extractor, Drone, Spore Crawler  
  86  5:19  Zergling x8  
  88  5:23  Extractor  
  88  5:26  Overlord  
  88  5:27  Drone x2  
  89  5:34  Overlord  
  89  5:35  Drone x2  
  91  5:38  Overseer  
  91  5:43  Overlord  
  91  5:44  Zergling x14  
  98  5:57  Overlord  
  90  6:06  Drone x6  
  90  6:09  Drone x2  
  90  6:11  Centrifugal Hooks  
  95  6:16  Drone  
  95  6:17  Evolution Chamber  
  95  6:18  Evolution Chamber  
  94  6:23  Drone x2  
  97  6:25  Drone  
  97  6:26  Hatchery  
  97  6:28  Drone x2  
  98  6:33  Overlord  
  98  6:34  Drone  
  99  6:40  Zergling x2  
  99  6:41  Zergling x6  
  99  6:45  Drone x3, Zerg Ground Armor Level 1, Zerg Melee Weapons Level 1  
  106  6:48  Drone, Overseer  
  106  6:49  Drone  
  108  7:01  Zergling x22  
  108  7:04  Extractor  
  108  7:06  Hydralisk Den  
  117  7:08  Drone x2  
  117  7:14  Baneling x10  
  119  7:21  Drone x3  
  119  7:22  Drone x3  
  123  7:23  Drone x4  
  123  7:27  Hatchery  
  126  7:31  Zergling x6  
  129  7:39  Zergling x16, Muscular Augments  
  129  7:40  Zergling x2  
  129  7:41  Baneling x7  
  138  7:46  Spore Crawler  
  138  7:49  Zergling x2  
  138  7:50  Zergling x18  
  146  7:57  Overlord  
  146  7:58  Overlord x2  
  146  8:03  Drone x3  
  149  8:07  Spore Crawler  
  143  8:13  Hydralisk  
  143  8:14  Hydralisk x2  
  143  8:15  Overlord x3  
  149  8:21  Hydralisk x7  
  149  8:27  Zergling x16  
  165  8:35  Baneling x8  
  165  8:37  Zergling x12  
  154  8:50  Zergling x22  
  154  8:52  Zerg Ground Armor Level 2  
  161  8:58  Zerg Missile Weapons Level 1  
  161  8:59  Zergling x16  
  166  9:11  Hydralisk x3  
  166  9:12  Zergling x20  
  166  9:16  Overseer  
  178  9:19  Overlord  
  177  9:31  Hydralisk x5  
  172  9:33  Zergling x12  
  186  9:42  Grooved Spines  
  186  9:44  Overseer  
  186  9:45  Zergling x30  
  193  9:50  Queen  
  195  10:04  Zergling x20  
  188  10:09  Hydralisk x6  
  199  10:15  Baneling x5  
  199  10:19  Extractor  
  199  10:20  Drone x2  
  199  10:35  Zergling x32  
  200  10:39  Baneling  
  200  10:40  Baneling x6  
  200  10:41  Overlord  
  184  11:07  Zergling x22  
  184  11:08  Zergling x32  
  175  11:12  Pneumatized Carapace, Overseer x2  
  175  11:14  Zergling x2  
  175  11:17  Burrow  
  176  11:22  Zerg Missile Weapons Level 2, Zerg Melee Weapons Level 2  
  176  11:24  Drone x7  
  153  11:42  Hydralisk  
  153  11:43  Hydralisk x5  
  153  11:44  Zergling x24  
  159  11:53  Baneling x11  
  159  11:57  Hatchery  
  159  12:01  Hydralisk  
  157  12:02  Zergling x22  
  170  12:13  Zergling x18  
  170  12:15  Baneling x16  
  179  12:17  Hatchery  
  179  12:19  Overseer  
  179  12:21  Overseer  
  178  12:29  Zergling x20  
  173  12:43  Zergling x22  
  165  12:54  Hydralisk x2  
  165  12:55  Zergling x6  
  169  13:06  Zergling x28  
  169  13:07  Baneling x15  
  169  13:12  Overlord x2  
  183  13:13  Overlord  
  183  13:14  Overseer  
  183  13:26  Zergling x2  
  183  13:27  Zergling x12  
  178  13:37  Zergling x32  
  178  13:41  Hydralisk x4  
  185  13:50  Zergling x8  
  185  13:54  Baneling x6  
  185  13:55  Baneling x19, Zergling x8  
  188  13:56  Zergling x8  
  196  14:07  Zergling x6  
  199  14:15  Hatchery  
  190  14:17  Zergling x2  
  190  14:18  Zergling x16  
  191  14:30  Zergling x40  
  190  14:35  Zergling x8  
  190  14:38  Baneling x6  
  174  14:46  Hydralisk x6  
  166  15:04  Hatchery  
  166  15:06  Zergling x34  
  182  15:12  Drone  
  183  15:17  Drone x2  
  183  15:18  Drone x2  
  184  15:26  Zergling x4  
  181  15:35  Zergling x10  
  183  15:39  Baneling x18  
  183  15:41  Baneling x9  
  178  15:46  Drone x3  
  178  15:48  Zergling x20  
  170  15:58  Zergling x22  
  170  16:06  Zergling x4  
  170  16:07  Zergling x4  
  170  16:11  Hydralisk x4  
  151  16:15  Overlord  
  158  16:20  Overseer x2  
  158  16:23  Baneling x14  
  158  16:28  Hydralisk, Drone x2  
  156  16:33  Drone x4  
  156  16:39  Queen  
  161  16:47  Baneling x2  
  161  16:50  Hydralisk x3  
  165  17:00  Zergling x34  
  181  17:03  Baneling x6  
  181  17:04  Baneling x2  
  181  17:06  Overseer  
  180  17:14  Zergling x20  
  186  17:35  Zergling x12  
  186  17:36  Zergling x30  
  176  17:54  Zergling x14  
  173  18:03  Hydralisk x7  
  181  18:08  Infestation Pit  
  181  18:10  Baneling x10  
  180  18:14  Baneling x16  
  180  18:18  Zergling x20  
  189  18:24  Overseer x2  
  189  18:30  Extractor  
  189  18:31  Zergling x24  
  151  18:48  Zergling x28  
  163  18:58  Zergling x12  
  163  19:00  Hive  
  169  19:03  Zergling x16  
  173  19:17  Zergling x16  
  161  19:35  Zergling x22  
  161  19:36  Zergling x12  
  175  19:47  Overseer x2  
  175  19:48  Overlord x3  
  171  20:05  Hydralisk x4  
  171  20:07  Hydralisk x8  
  171  20:09  Zergling x18  
  171  20:11  Adrenal Glands  
  171  20:12  Baneling x20  
  171  20:13  Baneling  
  196  20:22  Baneling  
  196  20:23  Baneling x12  
  196  20:29  Extractor  
  191  20:40  Zergling x34  
  191  20:45  Hatchery  
  160  20:54  Hydralisk x5  
  160  20:55  Zergling x14  
  173  21:06  Zergling x16  
  181  21:16  Zergling x6  
  184  21:18  Overlord x2  
  172  21:47  Zergling x2  
  172  21:48  Zergling x46  
  172  21:53  Baneling x6  
  189  21:58  Zergling x10  
  192  22:11  Hydralisk x4  
  192  22:12  Hydralisk  
  192  22:13  Zergling x6  
  193  22:22  Zergling x24  
  189  22:28  Overseer x3  
  187  22:32  Overlord x2  
  187  22:35  Drone x2  
  185  22:37  Overlord  
  185  22:39  Drone x6  
  189  22:47  Baneling x17  
  189  22:52  Spore Crawler  
  187  22:59  Zergling x22  
  187  23:01  Hatchery  
  163  23:28  Zergling x36  
Tags
 
Add a new tag
Caveats
  • Supply blocks, unpowered buildings, or Contaminate may cause inaccurate times.
  • Supply counts are checked every 10 seconds.